 Dungeon Crawl Stone Soup version 0.28-a0-661-g144af121cd (webtiles) character file.

Game seed: 1922322509001696234

19 Ijustatesigmund the Thaumaturge (level 2, -1/23 HPs)
             Began as a Gnoll Wanderer on Oct 14, 2021.
             Slain by Robin (19 damage)
             ... on level 2 of the Dungeon.
             The game lasted 00:01:58 (948 turns).

Ijustatesigmund the Thaumaturge (Gnoll Wanderer)     Turns: 948, Time: 00:01:58

Health: -1/23      AC:  2    Str: 10    XL:     2   Next: 75%
Magic:  9/12       EV: 11    Int: 11    God:
Gold:   51         SH:  0    Dex: 12    Spells: 18/19 levels left

rFire   . . .      SeeInvis .   a - +1 dagger (venom)
rCold   . . .      Faith    .   (no shield)
rNeg    . . .      Spirit   .   d - +0 robe
rPois   .          Reflect  .   (no helmet)
rElec   .          Harm     .   (no cloak)
rCorr   .          Rampage  .   (no gloves)
Will    .....                   (no boots)
Stlth   +.........              (no amulet)
HPRegen 0.07/turn               (no ring)
MPRegen 0.13/turn               (no ring)

@: no status effects
A: fangs 1, strong nose, distributed training
a: no special abilities


You were on level 2 of the Dungeon.
You visited 1 branch of the dungeon, and saw 2 of its levels.

You collected 51 gold pieces.

Inventory:

Hand Weapons
 a - a +1 dagger of venom (weapon)
Missiles
 b - 38 poisoned darts (quivered)
 g - 6 silver javelins
Armour
 d - a +0 robe (worn)
Scrolls
 h - a scroll of vulnerability {unknown}
 i - a scroll of fear {unknown}
Potions
 c - a potion of curing
 e - 2 potions of degeneration {unknown}
 f - a potion of magic {unknown}


   Skills:
 + Level 2.5 Fighting
 + Level 0.5 Short Blades
 + Level 0.5 Long Blades
 + Level 0.5 Axes
 + Level 0.5 Maces & Flails
 + Level 0.5 Polearms
 + Level 0.5 Staves
 + Level 0.5 Slings
 + Level 0.5 Bows
 + Level 0.5 Crossbows
 + Level 2.5 Throwing
 + Level 4.5 Armour
 + Level 0.5 Dodging
 + Level 0.5 Stealth
 + Level 2.5 Shields
 + Level 0.5 Unarmed Combat
 + Level 9.2 Spellcasting
 + Level 0.3 Conjurations
 + Level 0.3 Hexes
 + Level 2.0 Summonings
 + Level 0.3 Necromancy
 + Level 0.3 Translocations
 + Level 0.3 Transmutations
 + Level 0.3 Fire Magic
 + Level 0.3 Ice Magic
 + Level 0.3 Air Magic
 + Level 0.3 Earth Magic
 + Level 0.3 Poison Magic
 + Level 0.6 Invocations
 + Level 0.5 Evocations


You had 18 spell levels left.
You knew the following spells:

 Your Spells              Type           Power      Damage    Failure   Level
a - Magic Dart            Conj           20%        1d4       12%         1

Your spell library contained the following spells:

 Spells                   Type           Power      Damage    Failure   Level
 Call Imp                 Summ           9%         N/A       9%          2
 Blink                    Tloc           N/A        N/A       19%         2
 Slow                     Hex            5%         N/A       19%         2
 Conjure Flame            Conj/Fire      5%         6-21      34%         3
 Mephitic Cloud           Conj/Pois/Air  5%         N/A       34%         3


Dungeon Overview and Level Annotations

Branches:
Dungeon (2/15)

Altars:

Annotations:
D:2 Robin


Innate Abilities, Weirdness & Mutations

You have very sharp teeth.
Your uncanny sense of smell can sniff out nearby items.
Your experience applies equally to all skills.


Message History

Aim: Robin, wielding a +0 trident of distortion, wearing a +0 animal skin and wearing a +0 helmet (67% to hit)
You throw a poisoned dart. The poisoned dart barely misses Robin.
Robin says, "Bow before me, strongest of all the hobgoblins!"
Throw: 40 darts (poison)
Press: ? - help, Q - select action, (/) - cycle Shift-Dir - straight line, f/p - Robin
Aim: Robin, wielding a +0 trident of distortion, wearing a +0 animal skin and wearing a +0 helmet (67% to hit)
You throw a poisoned dart. The poisoned dart hits Robin.
Throw: 39 darts (poison)
Press: ? - help, Q - select action, (/) - cycle Shift-Dir - straight line, f/p - Robin
Aim: Robin, wielding a +0 trident of distortion, wearing a +0 animal skin and wearing a +0 helmet (67% to hit)
You throw a poisoned dart. The poisoned dart hits Robin.
Robin is poisoned.
Casting: Magic Dart (safe; 12% risk of failure)
Confirm with . or Enter, or press ? or * to list all spells.
Aiming: Magic Dart (safe; 12% risk of failure)
Press: ? - help, Shift-Dir - straight line, f/p - Robin
Aim: Robin, wielding a +0 trident of distortion, wearing a +0 animal skin and wearing a +0 helmet (lightly wounded, poisoned, 100% to hit)
The magic dart hits Robin but does no damage.
Robin is lightly wounded.
Robin roars a battlecry!
The goblin goes into a battle-frenzy!
You hear a shout!
Casting: Magic Dart (safe; 12% risk of failure)
Confirm with . or Enter, or press ? or * to list all spells.
Aiming: Magic Dart (safe; 12% risk of failure)
Press: ? - help, Shift-Dir - straight line, f/p - Robin
Aim: Robin, wielding a +0 trident of distortion, wearing a +0 animal skin and wearing a +0 helmet (lightly wounded, poisoned, 100% to hit)
The magic dart hits Robin.
Robin is moderately wounded.
A goblin comes into view. It is wielding a +0 club.
There is a stone staircase leading up here.
Robin barely misses you.
Your magical contamination has completely faded away.
A goblin comes into view. It is wielding a +0 dagger.
Things that are here:
a +0 club; a goblin corpse Robin's bangles clink loudly.
Robin hits you with a +0 trident of distortion.
Space warps horribly around you!!
Ouch! That really hurt!
You die...

#.........#######
.#######.......####
#..........##
#####†......###
#######(g(.........#
........##g......#.#
..########..g....#.#
###g#)#.#.#
#.@)#...# #.#####g#
∆ #.. #...#
###.#...#######
#............
##.#.######.. #g#.#
ggg.g........#
gg....?......#


You could see Robin (poisoned) and 3 goblins.

Vanquished Creatures
  A bat (D:2)
  3 endoplasms
  A giant cockroach (D:1)
  4 goblins
  2 hobgoblins (D:1)
  A ball python (D:1)
  2 frilled lizards (D:1)
  A kobold (D:1)
  3 rats
18 creatures vanquished.

Notes
Turn   | Place    | Note
-------+----------+-------------------------------------------
     0 | D:1      | Reached skill level 9 in Spellcasting
     0 | D:1      | Ijustatesigmund the Gnoll Wanderer began the quest for the
                  | Orb.
     0 | D:1      | Ijustatesigmund set off with the following items: a +0
                  | dagger, 8 poisoned darts, a potion of curing, a +0 robe;
                  | and the following spell memorised: Magic Dart; and the
                  | following spells available to memorise: Call Imp, Blink,
                  | Slow, Conjure Flame, Mephitic Cloud
     0 | D:1      | Reached XP level 1. HP: 17/17 MP: 10/10
   242 | D:1      | Reached XP level 2. HP: 23/23 MP: 4/12
   938 | D:2      | Noticed Robin
   948 | D:2      | Slain by Robin

Illustrated notes

Levels and vault maps discovered:
D:1:      lightli_arrival_statue_moat, layout_rooms
D:2:      layout_loops_ring, uniq_robin, uniq_sigmund

Skill      XL: |  1 |
---------------+----+-----
Spellcasting   | |  9.2
Summonings     | 2 |  2.0
Fighting       | |  2.5
Short Blades   | |  0.5
Long Blades    | |  0.5
Axes           | |  0.5
Maces & Flails | |  0.5
Polearms       | |  0.5
Staves         | |  0.5
Slings         | |  0.5
Bows           | |  0.5
Crossbows      | |  0.5
Throwing       | |  2.5
Armour         | |  4.5
Dodging        | |  0.5
Stealth        | |  0.5
Shields        | |  2.5
Unarmed Combat | |  0.5
Conjurations   | |  0.3
Hexes          | |  0.3
Necromancy     | |  0.3
Translocations | |  0.3
Transmutations | |  0.3
Fire Magic     | |  0.3
Ice Magic      | |  0.3
Air Magic      | |  0.3
Earth Magic    | |  0.3
Poison Magic   | |  0.3
Invocations    | |  0.6
Evocations     | |  0.5

Action                   || total
-------------------------++-------
Melee: Dagger            ||    12
       Bite              ||     2
       Punch             ||     1
Throw: Dart              ||     4
 Cast: Magic Dart        ||    54
Armor: Robe              ||     9
Dodge: Dodged            ||    11

Table legend: (Time is in decaauts)
 A = Elapsed time spent in this place.
 B = Non-inter-level travel time spent in this place.
 C = Inter-level travel time spent in this place.
 D = Time resting spent in this place.
 E = Time spent auto-exploring this place.
 F = Levels seen in this place.
 G = Mean time per level.
                   A        B        C        D        E       F      G
               +--------+--------+--------+--------+--------+-----+--------+
         Total |    947 |    941 |      6 |    139 |    665 |   2 |  473.5 |
       Dungeon |    947 |    941 |      6 |    139 |    665 |   2 |  473.5 |
               +--------+--------+--------+--------+--------+-----+--------+

Top non-repeatable levels by time:
     D:1: 814 daAuts
     D:2: 133 daAuts
